| TOP OF THE 1ST |
|
Miami Beach Marlins batting - Pitching for Calgary Flames : LHP Cory Watson
|
|
Pitching: LHP Cory Watson
|
|
|
Batting: LHB Jose Bregaro
|
0-0: Called Strike 0-1: Ball 1-1: Called Strike 1-2: Strikes out looking
|
|
Batting: RHB Dale Young
|
0-0: Called Strike 0-1: Ball 1-1: Called Strike 1-2: Strikes out swinging
|
|
Batting: LHB Eric Bailey
|
0-0: Ball 1-0: Called Strike 1-1: Fly out, F9 (Flyball, 89XD, EV 98.8 MPH)
|
| Top of the 1st over - 0 runs, 0 hits, 0 errors, 0 left on base; Miami Beach 0 - Calgary 0 |
| BOTTOM OF THE 1ST |
|
Calgary Flames batting - Pitching for Miami Beach Marlins : RHP Pharamond Lestrange
|
|
Pitching: RHP Pharamond Lestrange
|
|
|
Batting: LHB Ramon Vega
|
0-0: Ball 1-0: Swinging Strike 1-1: Foul Ball, location: 2F 1-2: Ball 2-2: Strikes out swinging
|
|
Batting: LHB Tony Contreras
|
0-0: Called Strike 0-1: Ball 1-1: Called Strike 1-2: Foul Ball, location: 2F 1-2: Strikes out swinging
|
|
Batting: RHB Eric McMillian
|
0-0: Ball 1-0: Called Strike 1-1: Foul Ball, location: 2F 1-2: Ball 2-2: Strikes out swinging
|
| Bottom of the 1st over - 0 runs, 0 hits, 0 errors, 0 left on base; Miami Beach 0 - Calgary 0 |
| TOP OF THE 2ND |
|
Miami Beach Marlins batting - Pitching for Calgary Flames : LHP Cory Watson
|
|
Batting: RHB Tony Stedman
|
0-0: Ball 1-0: Ball 2-0: Ball 3-0: Base on Balls
|
|
Batting: RHB Willie Chavez
|
0-0: Called Strike 0-1: Ball 1-1: Ball 2-1: Foul Ball, location: 2F 2-2: Foul Ball, location: 2F 2-2: Foul Ball, location: 2F 2-2: Fly out, F8 (Line Drive, 8LM, EV 106.2 MPH)
|
|
Batting: RHB Erik Coleman
|
0-0: Swinging Strike 0-1: Ball Balk! Tony Stedman to second 1-1: Foul Ball, location: 2F 1-2: Foul Ball, location: 2F 1-2: Ball 2-2: Ball 3-2: Fly out, F7 (Flyball, 7, EV 89.4 MPH)
|
|
Batting: RHB J.D. Vander Klok
|
0-0: Fly out, F8 (Line Drive, 8LXD, EV 96.2 MPH)
|
| Top of the 2nd over - 0 runs, 0 hits, 0 errors, 1 left on base; Miami Beach 0 - Calgary 0 |
| BOTTOM OF THE 2ND |
|
Calgary Flames batting - Pitching for Miami Beach Marlins : RHP Pharamond Lestrange
|
|
Batting: RHB Wally Cangro
|
0-0: Ball 1-0: Foul Ball, location: 2F 1-1: Ground out 4-3 (Groundball, 4M, EV 83.8 MPH)
|
|
Batting: RHB Ricardo Ortiz
|
0-0: Ball 1-0: Called Strike 1-1: SINGLE (Groundball, 6, EV 96.9 MPH)
|
|
Batting: RHB Brian DeVoe
|
0-0: Swinging Strike 0-1: Ball 1-1: Ball 2-1: SINGLE (Groundball, 56D, EV 107.5 MPH) Ricardo Ortiz to second
|
|
Batting: RHB Ed Oake
|
0-0: Ball 1-0: Called Strike 1-1: Called Strike 1-2: Strikes out swinging
|
|
Batting: LHB Lu-po-teh Zhou
|
0-0: Called Strike 0-1: SINGLE (Groundball, 34D, EV 108.1 MPH) Ricardo Ortiz to third Brian DeVoe to second Runner from 3rd tries for Home, throw by RF and OUT! 9-2
|
| Bottom of the 2nd over - 0 runs, 3 hits, 0 errors, 2 left on base; Miami Beach 0 - Calgary 0 |
| TOP OF THE 3RD |
|
Miami Beach Marlins batting - Pitching for Calgary Flames : LHP Cory Watson
|
|
Batting: RHB Andy Kelly
|
0-0: Ground out 5-3 (Groundball, 56S, EV 75.0 MPH)
|
|
Batting: RHB Axel Moltke
|
0-0: Ball 1-0: Foul Ball, location: 2F 1-1: Foul Ball, location: 2F 1-2: Foul Ball, location: 2F 1-2: Foul Ball, location: 2F 1-2: Ball 2-2: Foul Ball, location: 2F 2-2: Strikes out swinging
|
|
Batting: LHB Jose Bregaro
|
0-0: Ball 1-0: Ball 2-0: Ball 3-0: Base on Balls
|
|
Batting: RHB Dale Young
|
0-0: Ball 1-0: Called Strike 1-1: Ball 2-1: Ball 3-1: DOUBLE (Line Drive, 8LXD, EV 113.8 MPH) Jose Bregaro to third
|
|
Batting: LHB Eric Bailey
|
0-0: Swinging Strike 0-1: Foul Ball, location: 2F 0-2: Foul Ball, location: 2F 0-2: Ball 1-2: Foul Ball, location: 2F 1-2: Ball 2-2: Strikes out swinging
|
| Top of the 3rd over - 0 runs, 1 hit, 0 errors, 2 left on base; Miami Beach 0 - Calgary 0 |
| BOTTOM OF THE 3RD |
|
Calgary Flames batting - Pitching for Miami Beach Marlins : RHP Pharamond Lestrange
|
|
Batting: RHB Jon Groseclose
|
0-0: Swinging Strike 0-1: Foul Ball, location: 2F 0-2: Ground out 6-3 (Groundball, 4M, EV 101.2 MPH)
|
|
Batting: LHB Ramon Vega
|
0-0: Called Strike 0-1: Ball 1-1: Fly out, F4 (Popup, 4, EV 80.6 MPH)
|
|
Batting: LHB Tony Contreras
|
0-0: Ball 1-0: Ball 2-0: Ball 3-0: Base on Balls
|
|
Batting: RHB Eric McMillian
|
0-0: Ball 1-0: Called Strike 1-1: Ball 2-1: Fly out, F6 (Popup, 6M, EV 59.4 MPH)
|
| Bottom of the 3rd over - 0 runs, 0 hits, 0 errors, 1 left on base; Miami Beach 0 - Calgary 0 |
| TOP OF THE 4TH |
|
Miami Beach Marlins batting - Pitching for Calgary Flames : LHP Cory Watson
|
|
Batting: RHB Tony Stedman
|
0-0: Ball 1-0: Called Strike 1-1: Called Strike 1-2: Foul Ball, location: 2F 1-2: Ground out 6-3 (Groundball, 6, EV 98.8 MPH)
|
|
Batting: RHB Willie Chavez
|
0-0: Ball 1-0: Ball 2-0: Ball 3-0: Base on Balls
|
|
Batting: RHB Erik Coleman
|
0-0: Ball 1-0: Ball 2-0: Called Strike 2-1: Fly out, F5 (Popup, 56S, EV 86.2 MPH)
|
|
Batting: RHB J.D. Vander Klok
|
0-0: Ground out 6-3 (Groundball, 6MS, EV 84.4 MPH)
|
| Top of the 4th over - 0 runs, 0 hits, 0 errors, 1 left on base; Miami Beach 0 - Calgary 0 |
| BOTTOM OF THE 4TH |
|
Calgary Flames batting - Pitching for Miami Beach Marlins : RHP Pharamond Lestrange
|
|
Batting: RHB Wally Cangro
|
0-0: Called Strike 0-1: Ball 1-1: Called Strike 1-2: Ball 2-2: Strikes out swinging
|
|
Batting: RHB Ricardo Ortiz
|
0-0: Swinging Strike 0-1: Ground out 6-3 (Groundball, 6, EV 86.2 MPH)
|
|
Batting: RHB Brian DeVoe
|
0-0: SINGLE (Flyball, 5D, EV 98.1 MPH)
|
|
Batting: RHB Ed Oake
|
0-0: Called Strike 0-1: Foul Ball, location: 2F 0-2: Strikes out swinging
|
| Bottom of the 4th over - 0 runs, 1 hit, 0 errors, 1 left on base; Miami Beach 0 - Calgary 0 |
| TOP OF THE 5TH |
|
Miami Beach Marlins batting - Pitching for Calgary Flames : LHP Cory Watson
|
|
Batting: RHB Andy Kelly
|
0-0: Called Strike 0-1: Foul Ball, location: 2F 0-2: Ground out 6-3 (Groundball, 56, EV 101.9 MPH)
|
|
Batting: RHB Axel Moltke
|
0-0: Called Strike 0-1: Foul Ball, location: 2F 0-2: Fly out, F8 (Flyball, 8RD, EV 95.0 MPH)
|
|
Batting: LHB Jose Bregaro
|
0-0: Foul Ball, location: 2F 0-1: Ball 1-1: Swinging Strike 1-2: Ball 2-2: Fly out, F5 (Popup, 56S, EV 86.2 MPH)
|
| Top of the 5th over - 0 runs, 0 hits, 0 errors, 0 left on base; Miami Beach 0 - Calgary 0 |
| BOTTOM OF THE 5TH |
|
Calgary Flames batting - Pitching for Miami Beach Marlins : RHP Pharamond Lestrange
|
|
Batting: LHB Lu-po-teh Zhou
|
0-0: Fly out, F7 (Line Drive, 7, EV 92.5 MPH)
|
|
Batting: RHB Jon Groseclose
|
0-0: Ball 1-0: Fly out, F9 (Flyball, 9, EV 94.4 MPH)
|
|
Batting: LHB Ramon Vega
|
0-0: Ball 1-0: Ball 2-0: Ground out 4-3 (Groundball, 4, EV 102.5 MPH)
|
| Bottom of the 5th over - 0 runs, 0 hits, 0 errors, 0 left on base; Miami Beach 0 - Calgary 0 |
| TOP OF THE 6TH |
|
Miami Beach Marlins batting - Pitching for Calgary Flames : LHP Cory Watson
|
|
Pitching: LHP Ismael Diaz
|
|
|
Batting: RHB Dale Young
|
0-0: Ball 1-0: Foul Ball, location: 2F 1-1: Ball 2-1: Foul Ball, location: 2F 2-2: Ball 3-2: Base on Balls
|
|
Batting: LHB Eric Bailey
|
0-0: Ball 1-0: Ball Dale Young is caught stealing 2nd base 2-6 2-0: Ball 3-0: Base on Balls
|
|
Batting: RHB Tony Stedman
|
0-0: Swinging Strike 0-1: Swinging Strike 0-2: Foul Ball, location: 2F 0-2: Ball 1-2: Foul Ball, location: 2F 1-2: Strikes out swinging
|
|
Batting: RHB Willie Chavez
|
0-0: Ball 1-0: Ball Eric Bailey is caught stealing 2nd base 2-4
|
| Top of the 6th over - 0 runs, 0 hits, 0 errors, 0 left on base; Miami Beach 0 - Calgary 0 |
| BOTTOM OF THE 6TH |
|
Calgary Flames batting - Pitching for Miami Beach Marlins : RHP Pharamond Lestrange
|
|
Batting: LHB Tony Contreras
|
0-0: Called Strike 0-1: Ground out U3 (Groundball, 3S, EV 61.2 MPH)
|
|
Batting: RHB Eric McMillian
|
0-0: Swinging Strike 0-1: Foul Ball, location: 2F 0-2: Ball 1-2: SINGLE (Flyball, 8LS, EV 94.4 MPH)
|
|
Batting: RHB Wally Cangro
|
0-0: Ball 1-0: 2-RUN HOME RUN (Flyball, 7D, EV 103.8 MPH), Distance : 418 ft
|
|
Batting: RHB Ricardo Ortiz
|
0-0: Ball 1-0: Called Strike 1-1: Ball 2-1: Ground out 6-3 (Groundball, 6, EV 83.8 MPH)
|
|
Batting: RHB Brian DeVoe
|
0-0: Foul Ball, location: 2F 0-1: Ball 1-1: Called Strike 1-2: Ball 2-2: Ball 3-2: Strikes out looking
|
| Bottom of the 6th over - 2 runs, 2 hits, 0 errors, 0 left on base; Miami Beach 0 - Calgary 2 |
| TOP OF THE 7TH |
|
Miami Beach Marlins batting - Pitching for Calgary Flames : LHP Ismael Diaz
|
|
Pitching: RHP Ching Ge
|
|
|
Batting: RHB Willie Chavez
|
0-0: Ball 1-0: Ball 2-0: Ball 3-0: Called Strike 3-1: Foul Ball, location: 2F 3-2: Strikes out swinging
|
|
Batting: RHB Erik Coleman
|
0-0: Called Strike 0-1: Ball 1-1: Ball 2-1: Ball 3-1: Base on Balls
|
|
Batting: RHB J.D. Vander Klok
|
0-0: Ball 1-0: Ball 2-0: Ball 3-0: Base on Balls Erik Coleman to second
|
|
Batting: RHB Andy Kelly
|
0-0: Swinging Strike 0-1: Foul Ball, location: 2F 0-2: Fly out, F7 (Flyball, 7LM, EV 94.4 MPH)
|
|
Pinch Hitting: LHB Angelo Estrella
|
0-0: Ball 1-0: Swinging Strike 1-1: Foul Ball, location: 2F 1-2: Foul Ball, location: 2F 1-2: Ball 2-2: Strikes out swinging
|
| Top of the 7th over - 0 runs, 0 hits, 0 errors, 2 left on base; Miami Beach 0 - Calgary 2 |
| BOTTOM OF THE 7TH |
|
Calgary Flames batting - Pitching for Miami Beach Marlins : RHP Pharamond Lestrange
|
|
Now at 1B: Angelo Estrella
|
|
|
Batting: RHB Ed Oake
|
0-0: Ball 1-0: Foul Ball, location: 2F 1-1: Ball 2-1: Ball 3-1: Foul Ball, location: 2F 3-2: Foul Ball, location: 2F 3-2: Foul Ball, location: 2F 3-2: SINGLE (Groundball, 13S, EV 61.2 MPH) (infield hit)
|
|
Batting: LHB Lu-po-teh Zhou
|
0-0: Ball 1-0: Called Strike 1-1: Ball 2-1: Foul Ball, location: 2F 2-2: Ball 3-2: Ground out U3 (Groundball, 34S, EV 63.1 MPH) Ed Oake to second
|
|
Batting: RHB Jon Groseclose
|
0-0: Called Strike 0-1: Foul Ball, location: 2F 0-2: Strikes out swinging
|
|
Batting: LHB Ramon Vega
|
0-0: Ball 1-0: Ball 2-0: Ball 3-0: Base on Balls
|
|
Batting: LHB Tony Contreras
|
0-0: Called Strike 0-1: Called Strike 0-2: Fly out, F6 (Popup, P, EV 87.5 MPH)
|
| Bottom of the 7th over - 0 runs, 1 hit, 0 errors, 2 left on base; Miami Beach 0 - Calgary 2 |
| TOP OF THE 8TH |
|
Miami Beach Marlins batting - Pitching for Calgary Flames : RHP Ching Ge
|
|
Batting: LHB Jose Bregaro
|
0-0: Called Strike 0-1: Foul Ball, location: 2F 0-2: Ball 1-2: Fly out, F7 (Flyball, 7LD, EV 98.1 MPH)
|
|
Batting: RHB Dale Young
|
0-0: Ball 1-0: Foul Ball, location: 2F 1-1: Foul Ball, location: 2F 1-2: Ball 2-2: Fly out, F4 (Popup, 4S, EV 68.1 MPH)
|
|
Batting: LHB Eric Bailey
|
0-0: Ball 1-0: Fly out, F8 (Line Drive, 8LD, EV 99.4 MPH)
|
| Top of the 8th over - 0 runs, 0 hits, 0 errors, 0 left on base; Miami Beach 0 - Calgary 2 |
| BOTTOM OF THE 8TH |
|
Calgary Flames batting - Pitching for Miami Beach Marlins : RHP Pharamond Lestrange
|
|
Batting: RHB Eric McMillian
|
0-0: Ball 1-0: Ball 2-0: Ball 3-0: Base on Balls
|
|
Batting: RHB Wally Cangro
|
0-0: Foul Ball, location: 2F 0-1: Ball 1-1: Ball 2-1: Fly out, F8 (Line Drive, 8RM, EV 106.9 MPH)
|
|
Batting: RHB Ricardo Ortiz
|
0-0: Ball 1-0: Called Strike 1-1: Ball 2-1: Ball 3-1: Swinging Strike 3-2: Foul Ball, location: 2F 3-2: Fly out, F3 (Popup, 3F, EV 61.9 MPH)
|
|
Pitching: RHP Jorge Lopez
|
|
|
Batting: RHB Brian DeVoe
|
0-0: Foul Ball, location: 2F 0-1: Ball 1-1: Ball 2-1: SINGLE (Flyball, 9S, EV 88.1 MPH) Eric McMillian to second Runner from 2nd tries for 3rd, SAFE, throw by RF made to third
|
|
Batting: RHB Ed Oake
|
0-0: Ball 1-0: Foul Ball, location: 2F 1-1: Called Strike 1-2: Ball 2-2: SINGLE (Groundball, 6MD, EV 102.5 MPH) Eric McMillian scores Brian DeVoe to second
|
|
Batting: LHB Lu-po-teh Zhou
|
0-0: Called Strike 0-1: Foul Ball, location: 2F 0-2: Strikes out swinging
|
| Bottom of the 8th over - 1 run, 2 hits, 0 errors, 2 left on base; Miami Beach 0 - Calgary 3 |
| TOP OF THE 9TH |
|
Miami Beach Marlins batting - Pitching for Calgary Flames : RHP Ching Ge
|
|
Pitching: RHP Mike Swenson
|
|
|
Batting: RHB Tony Stedman
|
0-0: Swinging Strike 0-1: Foul Ball, location: 2F 0-2: Ball 1-2: Strikes out swinging
|
|
Batting: RHB Willie Chavez
|
0-0: Ball 1-0: Swinging Strike 1-1: Foul Ball, location: 2F 1-2: Ground out 5-3 (Groundball, 56S, EV 79.4 MPH)
|
|
Batting: RHB Erik Coleman
|
0-0: Fly out, F8 (Flyball, 78D, EV 88.8 MPH)
|
| Top of the 9th over - 0 runs, 0 hits, 0 errors, 0 left on base; Miami Beach 0 - Calgary 3 |
|